 Dungeon Crawl Stone Soup version 0.17.1-3-g152610e (webtiles) character file.

67 Romlok the Sneak (level 4, -3/22 HPs)
             Began as a Vine Stalker Enchanter on Mar 12, 2016.
             Was an Initiate of Vehumet.
             Slain by a water moccasin (4 damage)
             ... on level 3 of the Dungeon on Mar 13, 2016.
             The game lasted 00:32:03 (1696 turns).

Romlok the Sneak (Vine Stalker Enchanter)           Turns: 1696, Time: 00:32:04

Health: -3/22      AC:  3    Str:  9 (11) XL:     4   Next: 16%
Magic:  0/9        EV: 12    Int: 15      God:    Vehumet [......]
Gold:   143        SH:  0    Dex: 15      Spells: 2 memorised, 4 levels left

rFire  + . .     SeeInvis .     k - -2 dagger (curse)
rCold  x . .     Clarity  .     e - +0 leather armour (curse)
rNeg   . . .     SustAt   .     (no shield)
rPois  .         Gourm    .     (no helmet)
rElec  .         Spirit   +     (no cloak)
rCorr  .         Warding  .     (no gloves)
rMut   .         Stasis   .     (no boots)
MR     .....                    (no amulet)
Stlth  ++........               (no ring)
                                i - ring of fire

@: lethally poisoned (-3 -> -15), not resistant to hostile enchantments,
unstealthy
A: fangs 2, regeneration 1, magic shield, antimagic bite, no device heal 3, rot
immunity
a: Renounce Religion


You were on level 3 of the Dungeon.
You worshipped Vehumet.
Vehumet was noncommittal.
You were not hungry.

You visited 1 branch of the dungeon, and saw 3 of its levels.

You collected 143 gold pieces.

Inventory:

Hand Weapons
 a - a +1 dagger
 b - a +0 hunting sling
 k - a cursed -2 dagger (weapon)
Missiles
 g - 118 stones (quivered)
 h - 3 curare-tipped needles
Armour
 e - a cursed +0 leather armour (worn)
 f - a +1 robe
Jewellery
 i - a ring of fire (left hand)
Scrolls
 l - a scroll of identify
Books
 c - a book of Maledictions

   Spells                             Type                      Level
   a - Corona                         Hexes                        1
   b - Ensorcelled Hibernation        Hexes/Ice                    2
   c - Confuse                        Hexes                        3
   d - Tukima's Dance                 Hexes                        3
   e - Dazzling Spray                 Conjuration/Hexes            3
Comestibles
 d - a bread ration
 j - 4 meat rations
 m - a chunk of flesh


   Skills:
 + Level 1.3 Fighting
 - Level 0.8 Short Blades
 * Level 1.7 Armour
 * Level 1.9 Dodging
 - Level 3.6 Stealth
 * Level 2.8 Spellcasting
 - Level 3.0 Hexes


You had 4 spell levels left.
You knew the following spells:

 Your Spells              Type           Power        Failure   Level  Hunger
a - Corona                Hex            ##.....      10%         1    #......
c - Confuse               Hex            ##......     28%         3    ###....


Dungeon Overview and Level Annotations

Branches:
Dungeon (3/15)

Altars:
Dithmenos
Gozag
Kikubaaqudgha
Ru
Vehumet
The Shining One


Innate Abilities, Weirdness & Mutations

You have extremely sharp teeth.
Your natural rate of healing is unusually fast.
When hurt, damage is shared between your health and your magic reserves.
Your bite disrupts and absorbs the magic of your enemies.
Potions and wands cannot restore your health.
You are immune to rotting.


Message History

The water moccasin poisons you! The water moccasin bites you.
* * * LOW HITPOINT WARNING * * *
You aren't carrying any potions.
Read which item? (? for menu, Esc to quit)
Okay, then.
You closely miss the water moccasin.
The water moccasin is heavily wounded.
* * * LOW HITPOINT WARNING * * *
You feel sick. The water moccasin barely misses you.
You barely miss the water moccasin. Your bite misses the water moccasin.
The water moccasin is heavily wounded.
* * * LOW HITPOINT WARNING * * *
You feel sick.
The water moccasin completely misses you.
You completely miss the water moccasin.
You bite the water moccasin, but do no damage.
The water moccasin is heavily wounded.
* * * LOW HITPOINT WARNING * * *
You feel sick. The water moccasin bites you.
You die...

###.# #.# .#
#.# .# #.#
$# #.# .#
#.# .# #.#
.#
######.##.##
#...S@.....#
#.######.###
#.# #.# #.#
#.# #.# #.#


You could see a water moccasin.

Vanquished Creatures
  2 adders
  2 oozes (D:1)
  A worm (D:2)
  A giant gecko (D:2)
  7 bats
  A giant cockroach (D:1)
  4 goblins
  8 hobgoblins
  2 kobolds
  A giant newt (D:3)
  A quokka (D:2)
  7 rats
37 creatures vanquished.

Notes
Turn   | Place    | Note
--------------------------------------------------------------
     0 | D:1      | Romlok the Vine Stalker Enchanter began the quest for the Orb.
     0 | D:1      | Reached XP level 1. HP: 9/9 MP: 4/4
   131 | D:1      | Reached skill level 1 in Fighting
   131 | D:1      | Reached XP level 2. HP: 11/14 MP: 6/6
   656 | D:1      | Reached skill level 1 in Armour
   656 | D:1      | Reached XP level 3. HP: 12/18 MP: 5/7
   722 | D:1      | Learned a level 3 spell: Confuse
   731 | D:2      | Found a radiant altar of Vehumet.
   736 | D:2      | Became a worshipper of Vehumet
  1212 | D:2      | Found an opulent altar of Gozag.
  1213 | D:2      | Found a shadowy altar of Dithmenos.
  1213 | D:2      | Found a glowing golden altar of the Shining One.
  1224 | D:2      | Found a sacrificial altar of Ru.
  1380 | D:2      | Found an ancient bone altar of Kikubaaqudgha.
  1535 | D:2      | Reached XP level 4. HP: 20/22 MP: 7/9
  1677 | D:3      | Noticed a water moccasin
  1695 | D:3      | HP: 1/22 [poisoned by a water moccasin]
  1696 | D:3      | Slain by a water moccasin

Action                   |  1- 3 |  4- 6 || total
-------------------------+-------+-------++-------
Melee: Dagger            |    82 |    12 ||    94
       Unarmed           |     6 |       ||     6
Throw: Stone             |    15 |       ||    15
 Cast: Corona            |    15 |       ||    15
       Confuse           |       |     1 ||     1
  Use: Scroll            |     2 |       ||     2
       Potion            |     3 |       ||     3
 Stab: Sleeping          |    13 |     1 ||    14
       Confused          |       |     1 ||     1
  Eat: Chunk             |     2 |     1 ||     3
